 Dungeon Crawl Stone Soup version 0.22.0-1-g6561e4c (console) character file.

654 nht the Slicer (level 7, -5/40 HPs)
             Began as a Kobold Assassin on Aug 12, 2018.
             Slain by Grinder (7 damage)
             ... while paralysed by Grinder
             ... on level 5 of the Dungeon.
             The game lasted 00:07:31 (4223 turns).

nht the Slicer (Kobold Assassin)                    Turns: 4223, Time: 00:07:32

Health: -5/40      AC:  8    Str:  9    XL:     7   Next: 84%
Magic:  0/7        EV:  3    Int: 14    God:
Gold:   271        SH:  0    Dex: 16    Spells: 6/6 levels left

rFire    + . .     SeeInvis +   a - +2 dagger (vamp)
rCold    . . .     Gourm    .   (shield restricted)
rNeg     . . .     Faith    .   k - +3 leather armour {rF+}
rPois    .         Spirit   +   w - +0 helmet
rElec    .         Reflect  .   d - +0 cloak
rCorr    .         Harm     .   (no gloves)
MR       .....                  (no boots)
Stlth    ++........             l - amulet of guardian spirit
HPRegen  0.13/turn              m - ring of wizardry
MPRegen  0.10/turn              t - ring of see invisible

@: paralysed, very slow
A: small, carnivore
a: no special abilities


You were on level 5 of the Dungeon.
You were completely stuffed.

You visited 1 branch of the dungeon, and saw 5 of its levels.

You collected 271 gold pieces.

Inventory:

Hand Weapons
 a - a +2 vampiric dagger (weapon)
 b - a +0 blowgun
Missiles
 e - 19 poisoned needles
 u - a curare-tipped needle
 v - 3 poisoned tomahawks (quivered)
Armour
 d - a +0 cloak (worn)
 k - a +3 leather armour of fire resistance (worn)
 w - a +0 helmet (worn)
Jewellery
 l - an amulet of guardian spirit (around neck)
 m - a ring of wizardry (left hand)
 t - a ring of see invisible (right hand)
 x - an uncursed ring of fire
Wands
 f - a wand of iceblast (5)
 y - a wand of flame (30)
Scrolls
 c - a scroll of fear
 h - 3 scrolls of remove curse {unknown}
 i - 5 scrolls of identify {unknown}
 n - 2 scrolls of teleportation
 p - a scroll of magic mapping {unknown}
 q - 3 scrolls of amnesia {unknown}
 s - a scroll of enchant armour {unknown}
Potions
 j - a potion of haste {unknown}
 o - a potion of curing
 r - 2 potions of might
Comestibles
 g - 10 rations
 z - a chunk of flesh


   Skills:
 + Level 2.8 Fighting
 - Level 10.1 Short Blades
 - Level 2.1 Throwing
 + Level 2.1 Dodging
 + Level 5.7 Stealth


You had 6 spell levels left.
You didn't know any spells.
Your spell library contained the following spells:

 Spells                   Type           Power        Failure   Level  Hunger
 Summon Small Mammal      Summ           #...         16%         1    ##.....
 Summon Ice Beast         Ice/Summ       #.......     82%         4    #####..
 Call Imp                 Summ           #.......     24%         2    ###....
 Call Canine Familiar     Summ           #.......     43%         3    ####...
 Summon Lightning Spire   Summ/Air       #.......     82%         4    #####..
 Summon Guardian Golem    Hex/Summ       #.......     43%         3    ####...


Dungeon Overview and Level Annotations

Branches:
Dungeon (5/15)
 Temple: D:4-7

Altars:
Sif Muna

Annotations:
D:5 Grinder, Pikel


Innate Abilities, Weirdness & Mutations

You are small and have problems with some larger weapons.
You are carnivorous and can eat meat at any time.


Message History

Grinder is almost dead.
Grinder gestures at you. Pain shoots through your body!
Evoke which item? (* to show all) (? for menu, Esc to quit)
Aiming: Throw Flame
Press: ? - help, Shift-Dir - straight line, f/p - Grinder
Aim: Grinder (almost dead)
The puff of flame hits Grinder.
Grinder appears unharmed.
Grinder is almost dead.
Grinder gestures at you.
You suddenly lose the ability to move!
Grinder hits you. Grinder hits you!
* * * LOW HITPOINT WARNING * * *
Grinder hits you.
* * * LOW HITPOINT WARNING * * *
You writhe in agony.
* * * LOW HITPOINT WARNING * * *
Grinder hits you!
You die... ...█ █...█ ████..........███ ...█ ███'''███

█████....███ ..████.......█
███..█ ..███..≈...≈..██ █..██
.███..≈.≈.≈.≈..██ ██...█████
███..≈...≈...≈..██ █.........
██..≈.≈.≈.≈.≈.≈..██ █.........
█..≈...≈.≈.≈...≈..██ ██.........
..≈.≈.≈.≈.≈.≈.≈5@..█ █..........
.≈...≈...≈...≈...≈.█ ██..........
..≈.≈.≈.≈.≈.≈.≈.≈..█ █...........
...≈.≈.≈.≈.≈.≈.≈...███......<....
..≈.≈.≈.≈.≈.≈.≈.≈..██............
.≈...≈...≈...≈...≈.██......<.....
..≈.≈.≈.≈.≈.≈.≈.≈..█.............
█..≈...≈.≈.≈...≈..██...█..÷......
██..≈.≈.≈.≈.≈.≈..██...██.........


You could see Grinder.

Vanquished Creatures
  A hornet (D:4)
  2 slaves
  An ogre (D:4)
  2 scorpions
  2 crimson imps (D:5)
  A worker ant (D:4)
  A hound skeleton (D:3)
  Robin (D:3)
  3 gnolls (D:4)
  2 adders
  An ooze (D:1)
  A worm (D:4)
  2 dart slugs (D:1)
  2 leopard geckos
  4 orcs (D:3)
  2 ball pythons (D:3)
  5 giant cockroaches
  20 goblins
  14 hobgoblins
  4 jackals
  11 kobolds
  A quokka (D:5)
  7 bats
  7 frilled lizards
  A jackal skeleton (D:4)
  12 rats
110 creatures vanquished.

Notes
Turn   | Place    | Note
-------+----------+-------------------------------------------
     0 | D:1      | nht the Kobold Assassin began the quest for the Orb.
     0 | D:1      | Reached XP level 1. HP: 12/12 MP: 1/1
    73 | D:1      | Reached skill level 3 in Short Blades
   149 | D:1      | Reached XP level 2. HP: 17/17 MP: 2/2
   244 | D:1      | Reached skill level 4 in Short Blades
   669 | D:1      | Reached XP level 3. HP: 21/21 MP: 3/3
  1044 | D:1      | Reached skill level 5 in Short Blades
  1359 | D:2      | Reached XP level 4. HP: 18/26 MP: 2/4
  1409 | D:2      | Found a deep blue altar of Sif Muna.
  2015 | D:3      | Reached skill level 6 in Short Blades
  2109 | D:3      | Reached XP level 5. HP: 30/30 MP: 5/5
  2186 | D:3      | Noticed Robin
  2226 | D:3      | Killed Robin
  2719 | D:4      | Noticed an ogre
  2726 | D:4      | Killed an ogre
  2726 | D:4      | Reached skill level 7 in Short Blades
  2726 | D:4      | Reached XP level 6. HP: 35/35 MP: 6/6
  2804 | D:4      | Reached skill level 8 in Short Blades
  2871 | D:4      | Noticed a hornet
  3073 | D:5      | Entered Level 5 of the Dungeon
  3126 | D:5      | Noticed a slave
  3143 | D:5      | Noticed a slave
  3187 | D:5      | Killed a slave
  3203 | D:5      | Noticed Pikel
  3204 | D:5      | Noticed a slave
  3205 | D:5      | Noticed a slave
  3392 | D:4      | Killed a hornet
  3392 | D:4      | Reached skill level 10 in Short Blades
  3392 | D:4      | Reached XP level 7. HP: 29/40 MP: 4/7
  4204 | D:5      | Noticed Grinder
  4219 | D:5      | Paralysed by Grinder for 7 turns
  4222 | D:5      | HP: 2/40 [Grinder (2)]
  4223 | D:5      | Slain by Grinder

Skill      XL: |  1  2  3  4  5  6  7 |
---------------+----------------------+-----
Short Blades   | 3 4 5 6 7 10 | 10.1
Dodging        | 2 |  2.1
Fighting       | |  2.8
Throwing       | |  2.1
Stealth        | |  5.7

Action                   |  1- 3 |  4- 6 |  7- 9 || total
-------------------------+-------+-------+-------++-------
Melee: Dagger            |   108 |   240 |   128 ||   476
 Fire: Blowgun           |       |     8 |       ||     8
Evoke: Wand              |       |     2 |     8 ||    10
  Use: Scroll            |     3 |     1 |       ||     4
       Potion            |     1 |     3 |     1 ||     5
 Stab: Sleeping          |    11 |    12 |     1 ||    24
  Eat: Chunk             |    14 |    11 |     3 ||    28
Armor: Robe              |    22 |    15 |       ||    37
       Leather armour    |       |    14 |    22 ||    36
Dodge: Dodged            |    74 |    85 |    45 ||   204
